 Dungeon Crawl Stone Soup version 0.24.0-123-gd5b16e6ec5 (webtiles) character file.

Game seed: 11791658975551943779, levelgen mode: deterministic

3180 Sayna the Cleaver (level 9, -2/82 (83) HPs)
             Began as a Minotaur Berserker on Jan 16, 2020.
             Was a High Priest of Trog.
             Killed by nerve-wracking pain
             ... invoked by an orc priest
              (11 damage)
             ... on level 8 of the Dungeon.
             The game lasted 00:35:05 (6592 turns).

Sayna the Cleaver (Minotaur Berserker)              Turns: 6592, Time: 00:35:07

HP:   -2/82 (83)    AC: 12    Str: 28    XL:     9   Next: 63%
MP:   0/8           EV: 10    Int:  4    God:    Trog [*****.]
Gold: 401           SH:  0    Dex: 14    Spells: 8/8 levels left

rFire    . . .     SeeInvis .   k - +0 broad axe
rCold    + . .     Gourm    .   (no shield)
rNeg     . . .     Faith    .   D - +0 chain mail {rC+}
rPois    .         Spirit   +   (helmet restricted)
rElec    .         Reflect  .   (no cloak)
rCorr    .         Harm     .   (no gloves)
MR       .....                  f - +0 pair of boots
Stlth    ..........             j - amulet of guardian spirit
HPRegen  0.23/turn              u - +4 ring of strength
MPRegen  0.11/turn              a - +3 ring of dexterity

@: no status effects
A: retaliatory headbutt, horns 2
a: Berserk, Trog's Hand, Brothers in Arms, Renounce Religion


You were on level 8 of the Dungeon.
You worshipped Trog.
Trog was extremely pleased with you.
You were not hungry.

You visited 1 branch of the dungeon, and saw 8 of its levels.

You collected 457 gold pieces.
You spent 56 gold pieces at shops.

Inventory:

Hand Weapons
 k - a +0 broad axe (weapon)
Missiles
 d - 18 boomerangs (quivered)
 e - 427 stones
 s - a throwing net
 w - 26 poisoned darts
 x - 11 curare-tipped darts
Armour
 f - a +0 pair of boots (worn)
 D - a +0 chain mail of cold resistance (worn)
Jewellery
 a - a +3 ring of dexterity (right hand)
 j - an amulet of guardian spirit (around neck)
 u - a +4 ring of strength (left hand)
Wands
 A - a wand of polymorph (16)
Scrolls
 g - 2 scrolls of identify
 n - 5 scrolls of remove curse
 o - a scroll of immolation {unknown}
 p - a scroll of fear
 q - 2 scrolls of teleportation
 y - a scroll of blinking
 C - a scroll of fog {unknown}
Potions
 b - 2 potions of heal wounds {unknown}
 h - 3 potions of curing {unknown}
 i - a potion of invisibility {unknown}
 l - a potion of lignification {unknown}
 m - 2 potions of flight {unknown}
 r - 2 potions of brilliance {unknown}
 t - 2 potions of cancellation {unknown}
 v - a potion of haste {unknown}
 z - 2 potions of degeneration {unknown}
 B - a potion of resistance {unknown}
Comestibles
 c - 10 rations


   Skills:
 + Level 9.0 Fighting
 * Level 11.8 Axes
 + Level 8.4 Armour
 - Level 2.1 Dodging


You had 8 spell levels left.
You didn't know any spells.
Your spell library was empty.

Dungeon Overview and Level Annotations

Branches:
Dungeon (8/15)             Temple (0/1) D:7
   Lair: D:8-11

Altars:
Ashenzari
Cheibriados
Dithmenos
Hepliaklqana
Qazlal
Trog
The Shining One

Shops:
D:5 (

Annotations:
D:8 Pikel


Innate Abilities, Weirdness & Mutations

You reflexively headbutt those who attack you in melee.
You have a pair of horns on your head.


Message History

You see here 2 stones.
The orc warrior throws a stone.
The stone barely misses you.
You see here a stone.
You start resting.
The orc warrior is too close now for your liking.
You start resting.
The orc warrior is too close now for your liking.
The orc priest shouts!
The orc warrior closely misses you.
You slice the orc warrior!! Your headbutt misses the orc warrior.
The orc warrior is almost dead.
The orc warrior hits you with a +0 halberd.
* * * LOW HITPOINT WARNING * * *
You slice the orc warrior!!
You kill the orc warrior!
Trog accepts your kill.
Your Fighting skill increases to level 9!
The orc priest calls down the wrath of Beogh upon you.
Pain shoots through your body!
You die...

#. #.#.#...........#
#.#########.#.#.#..#.#.##.#
#.#.......†...............#
#.###.#####.#.#.#..#.#.##.#
#.....# #.#.#.#..#(#.##.#
#..##.# #.#.#.#..#.#.##.#
####..#..#
#.#.###..#.#.##.#
.........# #.#.#
#.##.#.##.# ####.##..#
##.#@###....#)##..
#.....####....)..o.....####
#####.........###.##.#.#
########### ####.#.# #####


You could see an orc priest.

Vanquished Creatures
  A hippogriff (D:7)
  Sigmund (D:2)
  Eustachio (D:5)
  2 ice beasts
  2 orc warriors (D:8)
  3 sky beasts
  3 centaurs
  2 necrophages
  3 ogres
  4 bullfrogs
  4 wights (D:6)
  2 crimson imps
  7 orc wizards
  A gnoll shaman (D:4)
  2 orc priests (D:4)
  3 hounds (D:8)
  A centaur skeleton (D:4)
  Natasha (D:2)
  3 worker ants
  2 hound zombies
  A hound skeleton (D:7)
  Robin (D:2)
  12 adders
  5 gnolls (D:4)
  A shadow imp (D:7)
  2 adder skeletons
  3 worms
  A dart slug (D:2)
  3 leopard geckos
  23 orcs
  4 giant cockroaches
  23 goblins
  14 hobgoblins
  4 jackals
  5 kobolds
  5 quokkas
  3 ball pythons
  A ball python skeleton (D:4)
  9 bats
  6 frilled lizards
  2 leopard gecko zombies (D:5)
  6 rats
  A bush (D:1)
183 creatures vanquished.

Notes
Turn   | Place    | Note
-------+----------+-------------------------------------------
     0 | D:1      | Sayna the Minotaur Berserker began the quest for the Orb.
     0 | D:1      | Reached XP level 1. HP: 19/19 MP: 0/0
   153 | D:1      | Reached skill level 4 in Axes
   206 | D:1      | Reached XP level 2. HP: 23/27 MP: 1/1
   810 | D:1      | Reached XP level 3. HP: 33/33 MP: 2/2
  1258 | D:1      | Reached ** piety under Trog
  1486 | D:2      | Found a shadowy altar of Dithmenos.
  1586 | D:2      | Noticed Sigmund
  1598 | D:2      | Killed Sigmund
  1598 | D:2      | Reached skill level 5 in Axes
  1598 | D:2      | Reached XP level 4. HP: 30/41 MP: 1/3
  1598 | D:2      | Reached XP level 5. HP: 34/47 MP: 1/4
  1721 | D:2      | Noticed Robin
  1756 | D:2      | Reached skill level 6 in Axes
  2002 | D:2      | Reached skill level 5 in Fighting
  2222 | D:2      | Found a snail-covered altar of Cheibriados.
  2286 | D:2      | Reached XP level 6. HP: 56/56 MP: 5/5
  2320 | D:2      | Killed Robin
  2337 | D:2      | Reached *** piety under Trog
  2548 | D:2      | Noticed Natasha
  2552 | D:2      | Killed Natasha
  2805 | D:3      | Found a bloodstained altar of Trog.
  2883 | D:3      | Noticed a sky beast
  2889 | D:3      | Killed a sky beast
  2889 | D:3      | Reached skill level 7 in Axes
  3698 | D:4      | Reached XP level 7. HP: 52/62 MP: 4/6
  3714 | D:4      | Reached skill level 5 in Armour
  4176 | D:4      | Reached **** piety under Trog
  4293 | D:4      | Found a glowing golden altar of the Shining One.
  4389 | D:4      | Found a stormy altar of Qazlal.
  4568 | D:5      | Entered Level 5 of the Dungeon
  4582 | D:5      | Reached skill level 8 in Axes
  4710 | D:5      | Noticed Eustachio
  4745 | D:5      | Killed Eustachio
  4745 | D:5      | Reached XP level 8. HP: 67/71 MP: 7/7
  5010 | D:5      | Found Seyppacou's Weapon Emporium.
  5029 | D:5      | Bought a +0 broad axe for 56 gold pieces
  5061 | D:5      | Found a hazy altar of Hepliaklqana.
  5229 | D:6      | Reached skill level 9 in Axes
  5260 | D:6      | Found a shattered altar of Ashenzari.
  5438 | D:6      | Reached skill level 10 in Axes
  5736 | D:7      | Reached XP level 9. HP: 78/81 MP: 8/8
  5737 | D:7      | Found a staircase to the Ecumenical Temple.
  5859 | D:7      | Reached skill level 11 in Axes
  6304 | D:8      | Reached ***** piety under Trog
  6309 | D:8      | Noticed Pikel
  6316 | D:8      | HP: 2/81 [orc warrior/+0 halberd (16)]
  6592 | D:8      | Killed from afar by an orc priest

Levels and vault maps discovered:
D:1:      minmay_arrival_jagged, layout_loops_corners, serial_forest,
          infiniplex_forest_lined_2, infiniplex_forest_3_way,
          infiniplex_forest_straight_2, infiniplex_forest_lined_2,
          palyth_stone_intersect
D:2:      minmay_recursive_quarters, layout_loops_cross, kennysheep_slug_shrine,
          nicolae_dithmenos_through_a_glass_darkly, uniq_robin, uniq_natasha,
          uniq_sigmund
D:3:      layout_loops_cross, nicolae_overflow_hidden_temple
D:4:      layout_loops_corners, nicolae_tso_swordbearing_angel, kennysheep_mini
D:5:      layout_cave_pools, lemuel_coloured_pillars_altar, serial_shops,
          nicolae_shop_trees, first_ration, uniq_eustachio
D:6:      layout_basic, overflow_temple_1_default
D:7:      layout_gridville, minmay_temple_entry_large_hall
D:8:      minmay_inner_zag, layout_basic, kiku_gazebo_pond_becter, special_room
          [special_room_orc], uniq_pikel

Skill      XL: |  1  2  3  4  5  6  7  8  9 |
---------------+----------------------------+-----
Axes           | 4 5 6 7 8 10 11 | 11.8
Fighting       | 4 5 6 8 9 |  9.0
Armour         | 3 4 5 7 8 |  8.4
Dodging        | |  2.1

Action                   |  1- 3 |  4- 6 |  7- 9 || total
-------------------------+-------+-------+-------++-------
Melee: Hand axe          |   125 |   145 |   116 ||   386
       Headbutt          |    27 |    20 |    60 ||   107
       Broad axe         |       |       |   146 ||   146
Throw: Boomerang         |       |     6 |     4 ||    10
  Use: Scroll            |     2 |     5 |     6 ||    13
  Eat: Chunk             |     2 |     3 |     1 ||     6
       Ration            |       |     2 |     2 ||     4
Armor: Animal skin       |    15 |       |       ||    15
       Ring mail         |       |    51 |    45 ||    96
       Chain mail        |       |       |    92 ||    92
Dodge: Dodged            |    48 |    72 |   126 ||   246
